ESL (28 & UNDER)
PENQUANNOCK OVERRATED JETER @ WILMINGTON REBELS
04/06/2027
 
TOP OF THE 1ST
Penquannock Overrated Jeter batting - Pitching for Wilmington Rebels : RHP Alex Stanford
Pitching: RHP Alex Stanford
Batting: SHB Bob Noble 0-0: Ball
1-0: Called Strike
1-1: Called Strike
1-2: Ground out 1-3 (Groundball, 15S)
Batting: RHB Doug Brown 0-0: Ground out 6-3 (Groundball, 6)
Batting: RHB José Velásquez 0-0: Ground out 4-3 (Groundball, 4)
Top of the 1st over - 0 run(s), 0 hit(s), 0 error(s), 0 left on base; Penquannock 0 - Wilmington 0
BOTTOM OF THE 1ST
Wilmington Rebels batting - Pitching for Penquannock Overrated Jeter : LHP Héctor Díaz
Pitching: LHP Héctor Díaz
Batting: SHB Charles Alexander 0-0: Ball
1-0: Fly out, F9 (Flyball, 9S)
Batting: RHB Roy MacCluskie 0-0: Swinging Strike
0-1: Swinging Strike
0-2: Ball
1-2: Ball
2-2: Fly out, F4 (Popup, 4D)
Batting: RHB Enrico Bonizo 0-0: Ball
1-0: Foul Ball, location: 2F
1-1: Ball
2-1: Fly out, F6 (Popup, 6MD)
Bottom of the 1st over - 0 run(s), 0 hit(s), 0 error(s), 0 left on base; Penquannock 0 - Wilmington 0
TOP OF THE 2ND
Penquannock Overrated Jeter batting - Pitching for Wilmington Rebels : RHP Alex Stanford
Batting: LHB Pete Weber 0-0: Called Strike
0-1: Ball
1-1: Foul Ball, location: 2F
1-2: Ball
2-2: SINGLE (Groundball, 3D)
Batting: LHB Tony Green 0-0: Ball
1-0: Ball
2-0: SINGLE (Line Drive, 89M)
Pete Weber to second
Batting: RHB Manny Perea 0-0: Called Strike
0-1: Fly out, F5 (Popup, 5L)
Batting: RHB Armando Pagán 0-0: Called Strike
0-1: Fly out, F8 (Flyball, 8RM)
Batting: RHB Barton Frazier 0-0: Swinging Strike
0-1: Ball
1-1: Swinging Strike
1-2: Strikes out looking
Top of the 2nd over - 0 run(s), 2 hit(s), 0 error(s), 2 left on base; Penquannock 0 - Wilmington 0
BOTTOM OF THE 2ND
Wilmington Rebels batting - Pitching for Penquannock Overrated Jeter : LHP Héctor Díaz
Batting: RHB Joey Boyd 0-0: Foul Ball, location: 2F
0-1: Ball
1-1: Foul Ball, location: 2F
1-2: Ball
2-2: Strikes out swinging
Batting: RHB Francisco Tañón 0-0: Ball
1-0: Foul Ball, location: 2F
1-1: Foul Ball, location: 2F
1-2: Ball
2-2: Ball
3-2: Base on Balls
Batting: LHB Denny Poole 0-0: Called Strike
Throwing error on steal attempt, E2
Francisco Tañón to third
0-1: SINGLE (Flyball, 8RS)
Francisco Tañón scores
Batting: LHB Tim Bruce 0-0: Ball
1-0: Swinging Strike
1-1: Ball
2-1: Called Strike
2-2: Foul Ball, location: 2F
2-2: DOUBLE (Flyball, 7LD)
Denny Poole to third
Batting: RHB Al Reese 0-0: Ground out 5-3 (Groundball, 56S)
Denny Poole scores
Tim Bruce to third
Batting: RHB Jessie Thompson 0-0: Swinging Strike
0-1: Ball
1-1: Called Strike
1-2: SINGLE (Line Drive, 4D)
Tim Bruce scores
Batting: SHB Charles Alexander 0-0: Ball
1-0: Ball
2-0: Reached on error, E3 (Popup, 3L)
Jessie Thompson to second
Batting: RHB Roy MacCluskie 0-0: DOUBLE (Line Drive, 89D)
Jessie Thompson scores
Charles Alexander to third
Runner from 3rd tries for Home, SAFE, no throw
Batting: RHB Enrico Bonizo 0-0: Foul Ball, location: 2F
0-1: Ground out 6-3 (Groundball, 6)
Bottom of the 2nd over - 5 run(s), 4 hit(s), 2 error(s), 1 left on base; Penquannock 0 - Wilmington 5
TOP OF THE 3RD
Penquannock Overrated Jeter batting - Pitching for Wilmington Rebels : RHP Alex Stanford
Batting: RHB Juan Velásquez 0-0: Ball
1-0: Called Strike
1-1: Ball
2-1: Swinging Strike
2-2: Strikes out swinging
Batting: SHB Bob Noble 0-0: Ball
1-0: SINGLE (Groundball, 34D)
Batting: RHB Doug Brown 0-0: Foul Ball, location: 2F
0-1: Called Strike
Bob Noble is caught stealing 2nd base
0-2: Ball
1-2: Ball
2-2: Strikes out swinging
Top of the 3rd over - 0 run(s), 1 hit(s), 0 error(s), 0 left on base; Penquannock 0 - Wilmington 5
BOTTOM OF THE 3RD
Wilmington Rebels batting - Pitching for Penquannock Overrated Jeter : LHP Héctor Díaz
Batting: RHB Joey Boyd 0-0: Foul Ball, location: 2F
0-1: Fly out, F8 (Flyball, 8RS)
Batting: RHB Francisco Tañón 0-0: Called Strike
0-1: Ball
1-1: Ball
2-1: Ball
3-1: Base on Balls
Batting: LHB Denny Poole 0-0: Foul Ball, location: 2F
0-1: Swinging Strike
0-2: Ball
1-2: SINGLE (Line Drive, 5D)
Francisco Tañón to second
Batting: LHB Tim Bruce 0-0: Ball
1-0: SINGLE (Line Drive, 89S)
Francisco Tañón to third
Denny Poole to second
Runner from 3rd tries for Home, SAFE, no throw
Batting: RHB Al Reese 0-0: Fly out, F7 (Flyball, 7)
Batting: RHB Jessie Thompson 0-0: Ball
1-0: Called Strike
1-1: DOUBLE (Line Drive, 89M)
Denny Poole scores
Tim Bruce to third
Pitching: LHP Jason Simpson
Batting: SHB Charles Alexander 0-0: Ground out 4-3 (Groundball, 4)
Bottom of the 3rd over - 2 run(s), 3 hit(s), 0 error(s), 2 left on base; Penquannock 0 - Wilmington 7
TOP OF THE 4TH
Penquannock Overrated Jeter batting - Pitching for Wilmington Rebels : RHP Alex Stanford
Batting: RHB José Velásquez 0-0: Ball
1-0: Called Strike
1-1: Ball
2-1: Called Strike
2-2: Fly out, F7 (Line Drive, 7)
Batting: LHB Pete Weber 0-0: Ball
1-0: Ground out 4-3 (Groundball, 4S)
Batting: LHB Tony Green 0-0: Called Strike
0-1: Ball
1-1: Swinging Strike
1-2: Foul Ball, location: 2F
1-2: Ball
2-2: Foul Ball, location: 2F
2-2: Ball
3-2: Base on Balls
Batting: RHB Manny Perea 0-0: Ball
1-0: Foul Ball, location: 2F
1-1: Fielders Choice at 2nd, 6-4 (Groundball, 56)
Top of the 4th over - 0 run(s), 0 hit(s), 0 error(s), 0 left on base; Penquannock 0 - Wilmington 7
BOTTOM OF THE 4TH
Wilmington Rebels batting - Pitching for Penquannock Overrated Jeter : LHP Jason Simpson
Batting: RHB Roy MacCluskie 0-0: Foul Ball, location: 2F
0-1: Foul Ball, location: 2F
0-2: Strikes out swinging
Batting: RHB Enrico Bonizo 0-0: Ground out 4-3 (Groundball, 4S)
Batting: RHB Joey Boyd 0-0: Ball
1-0: Ball
2-0: Foul Ball, location: 2F
2-1: Foul Ball, location: 2F
2-2: Ball
3-2: SINGLE (Groundball, 56D)
Batting: RHB Francisco Tañón 0-0: Fielders Choice at 2nd, 6-4 (Groundball, 6)
Bottom of the 4th over - 0 run(s), 1 hit(s), 0 error(s), 0 left on base; Penquannock 0 - Wilmington 7
TOP OF THE 5TH
Penquannock Overrated Jeter batting - Pitching for Wilmington Rebels : RHP Alex Stanford
Batting: RHB Armando Pagán 0-0: Called Strike
0-1: Called Strike
0-2: Ball
1-2: Ball
2-2: Foul Ball, location: 2F
2-2: Fly out, F8 (Flyball, 8RD)
Batting: RHB Barton Frazier 0-0: Ground out 4-3 (Groundball, 4)
Batting: RHB Juan Velásquez 0-0: Swinging Strike
0-1: Foul Ball, location: 2F
0-2: Ball
1-2: Foul Ball, location: 2F
1-2: DOUBLE (Line Drive, 7LM)
Batting: SHB Bob Noble 0-0: Ball
1-0: Ball
2-0: Fly out, F7 (Flyball, 78D)
Top of the 5th over - 0 run(s), 1 hit(s), 0 error(s), 1 left on base; Penquannock 0 - Wilmington 7
BOTTOM OF THE 5TH
Wilmington Rebels batting - Pitching for Penquannock Overrated Jeter : LHP Jason Simpson
Batting: LHB Denny Poole 0-0: Swinging Strike
0-1: Called Strike
0-2: Strikes out swinging
Batting: LHB Tim Bruce 0-0: Ball
1-0: Swinging Strike
1-1: Ball
2-1: Ball
3-1: Base on Balls
Batting: RHB Al Reese 0-0: Ball
1-0: Grounds into double play, 6-4-3 (Groundball, 6)
Bottom of the 5th over - 0 run(s), 0 hit(s), 0 error(s), 0 left on base; Penquannock 0 - Wilmington 7
TOP OF THE 6TH
Penquannock Overrated Jeter batting - Pitching for Wilmington Rebels : RHP Alex Stanford
Batting: RHB Doug Brown 0-0: Fly out, F7 (Flyball, 78S)
Batting: RHB José Velásquez 0-0: Swinging Strike
0-1: Ball
1-1: Called Strike
1-2: Strikes out swinging
Batting: LHB Pete Weber 0-0: Ball
1-0: Ball
2-0: Ball
3-0: Called Strike
3-1: Base on Balls
Batting: LHB Tony Green 0-0: Called Strike
0-1: Foul Ball, location: 2F
0-2: Ball
1-2: Ball
2-2: Ball
3-2: Base on Balls
Pete Weber to second
Batting: RHB Manny Perea 0-0: Ground out 2-3 (Groundball, 15S)
Top of the 6th over - 0 run(s), 0 hit(s), 0 error(s), 2 left on base; Penquannock 0 - Wilmington 7
BOTTOM OF THE 6TH
Wilmington Rebels batting - Pitching for Penquannock Overrated Jeter : LHP Jason Simpson
Batting: RHB Jessie Thompson 0-0: Ball
1-0: Foul Ball, location: 2F
1-1: Called Strike
1-2: Foul Ball, location: 2F
1-2: Ball
2-2: Ball
3-2: Fly out, F6 (Popup, 6M)
Batting: SHB Charles Alexander 0-0: Ball
1-0: Swinging Strike
1-1: Ball
2-1: Called Strike
2-2: Strikes out swinging
Batting: RHB Roy MacCluskie 0-0: Ball
1-0: Ground out 6-3 (Groundball, 6S)
Bottom of the 6th over - 0 run(s), 0 hit(s), 0 error(s), 0 left on base; Penquannock 0 - Wilmington 7
TOP OF THE 7TH
Penquannock Overrated Jeter batting - Pitching for Wilmington Rebels : RHP Alex Stanford
Batting: RHB Armando Pagán 0-0: Ball
1-0: Ball
2-0: Called Strike
2-1: Ball
3-1: Foul Ball, location: 2F
3-2: Foul Ball, location: 2F
3-2: Base on Balls
Batting: RHB Barton Frazier 0-0: Ball
Throwing error on steal attempt, E2
Armando Pagán to third
1-0: Foul Ball, location: 2F
1-1: Swinging Strike
1-2: SINGLE (Groundball, 4MD)
Armando Pagán scores
Pitching: LHP Matt Fritz
Batting: RHB Juan Velásquez Pickoff Throw to First - Out!
0-0: SINGLE (Groundball, 4D)
Batting: SHB Bob Noble 0-0: Foul Ball, location: 2F
0-1: Foul Ball, location: 2F
0-2: Ball
1-2: Ball
2-2: Fly out, F6 (Line Drive, 6)
Batting: RHB Doug Brown 0-0: Fly out, F7 (Flyball, 78M)
Top of the 7th over - 1 run(s), 2 hit(s), 1 error(s), 1 left on base; Penquannock 1 - Wilmington 7
BOTTOM OF THE 7TH
Wilmington Rebels batting - Pitching for Penquannock Overrated Jeter : LHP Jason Simpson
Pitching: RHP David Padilla
Batting: RHB Enrico Bonizo 0-0: Called Strike
0-1: Ground out 6-3 (Groundball, 6)
Batting: RHB Joey Boyd 0-0: SINGLE (Groundball, 34D)
Batting: RHB Francisco Tañón 0-0: Ball
1-0: Foul Ball, location: 2F
1-1: Ball
2-1: Foul Ball, location: 2F
2-2: Foul Ball, location: 2F
2-2: Fly out, F6 (Popup, 6D)
Batting: LHB Denny Poole 0-0: Called Strike
0-1: Foul Ball, location: 2F
0-2: Ball
1-2: Fly out, F7 (Flyball, 78S)
Bottom of the 7th over - 0 run(s), 1 hit(s), 0 error(s), 1 left on base; Penquannock 1 - Wilmington 7
TOP OF THE 8TH
Penquannock Overrated Jeter batting - Pitching for Wilmington Rebels : LHP Matt Fritz
Now in RF: Ramón Benítez
Batting: RHB José Velásquez 0-0: Ball
1-0: Ball
2-0: Ground out 1-3 (Groundball, P)
Batting: LHB Pete Weber 0-0: SINGLE (Groundball, 6M) (infield hit)
Batting: LHB Tony Green 0-0: Foul Ball, location: 2F
0-1: Foul Ball, location: 2F
0-2: Ball
1-2: Foul Ball, location: 2F
1-2: Fly out, F2 (Popup, 15S)
Batting: RHB Manny Perea 0-0: Foul Ball, location: 2F
0-1: Fielders Choice at 2nd, 5-4 (Groundball, 5)
Top of the 8th over - 0 run(s), 1 hit(s), 0 error(s), 0 left on base; Penquannock 1 - Wilmington 7
BOTTOM OF THE 8TH
Wilmington Rebels batting - Pitching for Penquannock Overrated Jeter : RHP David Padilla
Batting: LHB Tim Bruce 0-0: SINGLE (Groundball, 34D)
Batting: RHB Al Reese 0-0: Hit by Pitch
Tim Bruce to second
Batting: RHB Jessie Thompson 0-0: 3-RUN HOME RUN (Flyball, 78XD), Distance : 388 ft
Pitching: RHP Joaquín Rojas
Batting: SHB Charles Alexander 0-0: Ground out 4-3 (Groundball, 4)
Batting: RHB Roy MacCluskie 0-0: Ball
1-0: Called Strike
1-1: Foul Ball, location: 2F
1-2: Ball
2-2: Ball
3-2: Foul Ball, location: 2F
3-2: Base on Balls
Batting: RHB Enrico Bonizo 0-0: Ball
1-0: Ball
2-0: Ball
3-0: Called Strike
3-1: Base on Balls
Roy MacCluskie to second
Batting: RHB Joey Boyd 0-0: Called Strike
0-1: Foul Ball, location: 2F
0-2: Ball
1-2: Strikes out swinging
Batting: LHB Ramón Benítez 0-0: Called Strike
0-1: Ground out 6-3 (Groundball, 6MD)
Bottom of the 8th over - 3 run(s), 2 hit(s), 0 error(s), 2 left on base; Penquannock 1 - Wilmington 10
TOP OF THE 9TH
Penquannock Overrated Jeter batting - Pitching for Wilmington Rebels : LHP Matt Fritz
Batting: RHB Armando Pagán 0-0: Ball
1-0: Ball
2-0: Foul Ball, location: 2F
2-1: Foul Ball, location: 2F
2-2: Foul Ball, location: 2F
2-2: Foul Ball, location: 2F
2-2: Foul Ball, location: 2F
2-2: Ball
3-2: Strikes out swinging
Batting: RHB Barton Frazier 0-0: Foul Ball, location: 2F
0-1: Ball
1-1: Ball
2-1: Fly out, F7 (Flyball, 7D)
Batting: RHB Juan Velásquez 0-0: Ball
1-0: Foul Ball, location: 2F
1-1: Called Strike
1-2: Ball
2-2: Ball
3-2: Base on Balls
Batting: SHB Bob Noble 0-0: Ball
1-0: Ground out 1-3 (Groundball, 15)
Top of the 9th over - 0 run(s), 0 hit(s), 0 error(s), 1 left on base; Penquannock 1 - Wilmington 10
Thursday, March 30th, 2017 - OOTP Baseball 17.12 Build 75